 Dungeon Crawl Stone Soup version 0.29.1-15-g9cfb28693d (webtiles) character file.

Game seed: 998664388909820173

113 tizbic2 the Sneak (level 4, -1/42 HPs)
             Began as a Naga Fighter on Apr 18, 2023.
             Slain by an orc priest
             ... wielding a +0 war axe
              (7 damage)
             ... on level 3 of the Dungeon.
             The game lasted 00:07:56 (2148 turns).

tizbic2 the Sneak (Naga Fighter)                    Turns: 2148, Time: 00:07:57

Health: -1/42      AC:  9    Str: 18    XL:     4   Next: 96%
Magic:  4/4        EV:  3    Int:  9    God:
Gold:   97         SH:  4    Dex: 12    Spells: 3/3 levels left

rFire   . . .      SeeInvis +   w - +1 dagger (flame)
rCold   . . .      Faith    .   c - +0 buckler
rNeg    . . .      Spirit   .   r - +0 plate armour
rPois   +          Reflect  .   j - +0 helmet
rElec   .          Harm     .   (no cloak)
rCorr   .          Rampage  .   h - +0 pair of gloves
Will    .....                   (no barding)
Stlth   ..........              (no amulet)
HPRegen 0.14/turn               (no ring)
MPRegen 0.09/turn               (no ring)

@: mighty, very slow
A: AC +1, large, see invisible, deformed body, poison resistance, slowness 2,
spit poison 1, naga tail 1
a: Spit Poison


You were on level 3 of the Dungeon.
You visited 1 branch of the dungeon, and saw 3 of its levels.

You collected 97 gold pieces.

Inventory:

Hand Weapons
 a - a +0 rapier
 w - a +1 dagger of flaming (weapon)
Missiles
 n - 6 poisoned darts
Armour
 b - a +0 scale mail
 c - a +0 buckler (worn)
 h - a +0 pair of gloves (worn)
 j - a +0 helmet (worn)
 m - a +0 leather armour
 r - a +0 plate armour (worn)
 s - a +0 ring mail
Jewellery
 i - a +6 ring of intelligence
Wands
 o - a wand of flame (14)
Scrolls
 f - a scroll of fog
 l - a scroll of vulnerability
Potions
 e - 2 potions of berserk rage {unknown}
 g - 2 potions of attraction
 k - a potion of degeneration {unknown}
 p - a potion of heal wounds {unknown}
 q - a potion of cancellation


   Skills:
 + Level 3.5 Fighting
 * Level 3.4 Short Blades
 - Level 2.4 Armour
 * Level 4.3 Stealth
 - Level 2.6 Shields


You had 3 spell levels left.
You didn't know any spells.
Your spell library contained the following spells:

 Spells                   Type           Power      Damage    Failure   Level
 Beastly Appendage        Tmut           0%         N/A       100%        1
 Wereblood                Tmut           0%         N/A       100%        2
 Spider Form              Tmut/Pois      0%         N/A       100%        3
 Stone Arrow              Conj/Erth      0%         3d7       100%        3
 Animate Armour           Summ/Erth      0%         N/A       100%        4
 Lehudib's Crystal Spear  Conj/Erth      0%         10d2      100%        8


Dungeon Overview and Level Annotations

Branches:
Dungeon (3/15)

Altars:

Shops:
D:1 [=


Innate Abilities, Weirdness & Mutations

Your serpentine skin is tough. (AC +1)
You have supernaturally acute eyesight. (SInv)
Armour fits poorly on your strangely shaped body.
Your system is resistant to poisons. (rPois)
You cover ground very slowly.
You can spit poison.
You have a snake-like lower body.


Message History

Aim: an orc priest, wielding a +0 war axe and wearing a +0 leather armour (59% to hit)
The splash of poison hits the orc.
The orc is poisoned.
The orc is moderately wounded.
The orc hits you but does no damage.
You hit the orc. You burn the orc.
The orc is heavily wounded.
You block the orc's attack.
You hit the orc. You burn the orc.
You kill the orc!
You closely miss the orc. The orc hits you but does no damage.
You hit the orc. You burn the orc.
The orc is moderately wounded.
The orc priest calls down the wrath of Beogh upon you.
Beogh smites you!
* * * LOW HITPOINT WARNING * * *
The orc hits you with a +0 dagger.
* * * LOW HITPOINT WARNING * * *
You feel very mighty all of a sudden. The orc hits you but does no damage.
You closely miss the orc.
The orc is moderately wounded.
You closely miss the orc.
The orc is moderately wounded.
You have got your breath back.
The orc barely misses you.
You closely miss the orc.
The orc is moderately wounded.
The orc hits you but does no damage.
You closely miss the orc.
The orc is moderately wounded.
You block the orc's attack.
You hit the orc. You burn the orc.
You kill the orc!
You puncture the rat! You burn the rat.
You kill the rat!
You puncture the orc! You burn the orc.
You kill the orc!
You block the orc priest's attack. The orc hits you but does no damage.
The orc priest hits you with a +0 war axe!
You die...

ooo.........###..?.....
...............>.......
#.......###.####..###..
#.........# #..###..
#...#.##### #)......
#.. #)# #.######
#.##.##.# #.####..
#.....oo# #.......
##.###@## ######.. #.#
### #.# ... #.#.# #. .#
.. .# .# .# .. .#


You could see an orc priest and an orc.

Vanquished Creatures
  A hound (D:3)
  2 adders (D:2)
  3 worms
  A dart slug (D:1)
  4 orcs (D:3)
  6 bats
  An endoplasm (D:2)
  2 giant cockroaches
  6 goblins
  3 hobgoblins
  4 jackals (D:2)
  2 quokkas (D:1)
  5 ball pythons
  A frilled lizard (D:1)
  3 kobolds
  4 rats
48 creatures vanquished.

Notes
Turn   | Place    | Note
-------+----------+-------------------------------------------
     0 | D:1      | tizbic2 the Naga Fighter began the quest for the Orb.
     0 | D:1      | Reached XP level 1. HP: 21/21 MP: 1/1
    18 | D:1      | Found Iducudeu's Jewellery Emporium.
   123 | D:1      | Reached skill level 1 in Stealth
   134 | D:1      | Reached XP level 2. HP: 27/28 MP: 2/2
   495 | D:1      | Reached skill level 2 in Stealth
   680 | D:1      | Found Zeerch's Armour Emporium.
   792 | D:2      | Reached XP level 3. HP: 33/34 MP: 3/3
  1216 | D:2      | Reached skill level 3 in Stealth
  1555 | D:2      | Reached XP level 4. HP: 39/42 MP: 4/4
  1976 | D:3      | Reached skill level 4 in Stealth
  2148 | D:3      | Slain by an orc priest

Illustrated notes

Levels and vault maps discovered:
D:1:      nicolae_arrival_washed_ashore, layout_rooms, serial_shops, shop, shop,
          nicolae_titane
D:2:      layout_basic
D:3:      layout_loops_cross, mainiacjoe_overflow_24_doors,
          gammafunk_ghost_gnarly_gnolls, ebering_ecumenical_altar_box,
          uniq_crazy_yiuf_cottage, uniq_grinder

Skill      XL: |  1  2  3  4 |
---------------+-------------+-----
Stealth        | 1 2 3 4 |  4.3
Short Blades   | 3 |  3.4
Fighting       | |  3.5
Armour         | |  2.4
Shields        | |  2.6

Action                   |  1- 3 |  4- 6 || total
-------------------------+-------+-------++-------
Melee: Rapier            |    22 |       ||    22
       Dagger            |    90 |    49 ||   139
 Abil: Spit Poison       |    11 |     3 ||    14
  Use: Scroll            |     3 |     5 ||     8
       Potion            |       |     1 ||     1
 Stab: Sleeping          |     3 |       ||     3
Armor: Scale mail        |    22 |       ||    22
       Leather armour    |    11 |       ||    11
       Plate armour      |    39 |    28 ||    67
Dodge: Dodged            |    28 |     3 ||    31
Block: Buckler           |    24 |     8 ||    32
